AoeStats
← javi_fortinero_06

Arabia

509784375Analyzed
1v1 RM · 3d ago on Sep 28, 2026· 47m 7s· 2 players
Game mode
Random Map
Map size
Tiny (2 player)
Population
200
Speed
Normal
Resources
Standard
Victory
Conquest
Starting age
Dark Age
Ending age
Imperial Age
RankedLock teamsTeams togetherTeam positionsShared explorationLock speedFull tech treeHidden civsTurbo modeCheats
Victory
Defeat
🇦🇷 Berbers · Argentina
1185
+17
🇪🇸 Saracens · Spain
1212
-17
javi_fortinero_06
6:30 Loom
9:44 Feudal Age
10:15 Double-Bit Axe
19:34 Castle Age
17:26 Horse Collar
18:46 Bloodlines
18:34 Gold Mining
20:02 Forging
21:04 Bow Saw
22:50 Scale Barding Armor
24:56 Husbandry
25:41 Chain Barding Armor
28:37 Fletching
29:59 Elite Skirmisher
32:24 Wheelbarrow
31:34 Town Watch
34:43 Imperial Age
33:25 Iron Casting
36:03 Ballistics
35:42 Bodkin Arrow
35:49 Padded Archer Armor
35:12 Cavalier
36:24 Bracer
38:21 Blast Furnace
37:57 Plate Barding Armor
39:12 Leather Archer Armor
40:15 Chemistry
43:45 Conscription
44:10 Heavy Plow
44:20 Light Cavalry
46:10 Hussar
47:33 Ring Archer Armor
SpyCrab Erik Twice
7:28 Loom
10:30 Feudal Age
12:27 Bloodlines
12:36 Gold Mining
12:35 Double-Bit Axe
16:22 Horse Collar
19:56 Castle Age
18:21 Bloodlines
19:59 Fletching
20:10 Padded Archer Armor
22:42 Bodkin Arrow
23:27 Husbandry
23:48 Heavy Plow
25:00 Town Watch
25:55 Leather Archer Armor
28:36 Scale Barding Armor
29:10 Forging
31:19 Chain Barding Armor
31:50 Crossbowman
32:55 Thumb Ring
33:45 Iron Casting
37:24 Bimaristan
40:17 Imperial Age
41:22 Bracer
42:36 Chemistry
42:19 Ballistics
41:24 Light Cavalry
44:06 Plate Barding Armor
Connection lost

Rejoining the realm…

Still unreachable

The connection could not be restored.

Session expired

The server has moved on; the page needs a fresh start.